 Dungeon Crawl Stone Soup version 0.19.0-24-gb05acd6 (webtiles) character file.

532 Mesmaeker13 the Charmwright (level 7, -1/50 HPs)
             Began as a Merfolk Skald on Nov 21, 2016.
             Shot with an arrow by a centaur (7 damage)
             ... on level 4 of the Dungeon.
             The game lasted 00:09:43 (4384 turns).

Mesmaeker13 the Charmwright (Merfolk Skald)         Turns: 4384, Time: 00:09:44

Health: -1/50      AC:  6    Str: 13    XL:     7   Next: 24%
Magic:  2/10       EV: 14    Int: 13    God:
Gold:   97         SH:  0    Dex: 13    Spells: 4 memorised, 2 levels left

rFire  . . .     SeeInvis .     a - +0 spear
rCold  . . .     Gourm    .     b - +0 leather armour
rNeg   . . .     Faith    .     (no shield)
rPois  .         Spirit   .     (no helmet)
rElec  .         Reflect  .     r - +0 cloak
rCorr  .         Harm     .     (no gloves)
MR     .....                    (no boots)
Stlth  +.........               (no amulet)
                                (no ring)
                                g - +2 ring of protection

@: shrouded, infused, very slightly contaminated
A: change form in water, swift swim, stealthy swim
a: no special abilities


You were on level 4 of the Dungeon.
You were not hungry.

You visited 1 branch of the dungeon, and saw 4 of its levels.

You collected 221 gold pieces.
You spent 124 gold pieces at shops.

Inventory:

Hand Weapons
 a - a +0 spear (weapon)
 v - a +0 dagger of venom
Missiles
 k - 11 poisoned needles
 C - 7 silver tomahawks (quivered)
Armour
 b - a +0 leather armour (worn)
 r - a +0 cloak (worn)
Jewellery
 g - a +2 ring of protection (left hand)
Wands
 D - a wand of paralysis (14/24)
Scrolls
 e - 3 scrolls of fear {unknown}
 f - 2 scrolls of random uselessness {unknown}
 l - 3 scrolls of teleportation {unknown}
 n - a scroll of remove curse
 o - a scroll of magic mapping {unknown}
 p - 3 scrolls of identify {unknown}
 q - a scroll of noise {unknown}
 t - 3 scrolls of amnesia
 z - a scroll of immolation {unknown}
Potions
 s - a potion of brilliance
 u - a potion of haste
 w - 2 potions of curing {unknown}
 x - a potion of resistance {unknown}
 A - a potion of might {unknown}
Books
 c - a book of Battle

   Spells                             Type                      Level
   a - Infusion                       Charms                       1
   b - Shroud of Golubria             Charms/Translocation         2
   c - Song of Slaying                Charms                       2
   d - Spectral Weapon                Hexes/Charms                 3
   e - Regeneration                   Charms/Necromancy            3
 y - a book of Conjurations

   Spells                             Type                      Level
   a - Magic Dart                     Conjuration                  1
   b - Searing Ray                    Conjuration                  2
   c - Dazzling Spray                 Conjuration/Hexes            3
   d - Fulminant Prism                Conjuration/Hexes            4
   e - Iskenderun's Mystic Blast      Conjuration                  4
   f - Iskenderun's Battlesphere      Conjuration/Charms           5
Comestibles
 d - 3 bread rations
 h - 4 meat rations
 i - a slice of pizza
 j - 5 fruits
 m - 2 beef jerkies
 B - 6 chunks of flesh


   Skills:
 - Level 2.1 Fighting
 - Level 5.4 Polearms
 - Level 0.6 Armour
 + Level 4.9 Dodging
 - Level 2.0 Spellcasting
 + Level 1.7 Hexes
 + Level 6.6 Charms


You had 2 spell levels left.
You knew the following spells:

 Your Spells              Type           Power        Failure   Level  Hunger
a - Infusion              Chrm           ###.         1%          1    ##.....
b - Song of Slaying       Chrm           ###.....     3%          2    ###....
c - Shroud of Golubria    Chrm/Tloc      #.........   14%         2    ###....
d - Spectral Weapon       Hex/Chrm       ##......     21%         3    ####...


Dungeon Overview and Level Annotations

Branches:
Dungeon (4/15)
 Temple: D:4-7

Altars:
Sif Muna
Zin

Shops:
D:4 *

Annotations:
D:2 Sigmund
D:4 dscm's ghost, amateur OpEE


Message History

Your spectral weapon shares its damage with you!
Your spectral weapon fades away.
Attack whom?
Press: ? - help, Dir - move target cursor, f/p - centaur
Aim: a centaur, wielding a shortbow (lightly wounded)
You reach to attack!
You hit the centaur.
The centaur is heavily wounded.
The centaur shoots an arrow.
The arrow barely misses you.
Okay, then.
Casting: Spectral Weapon
Confirm with . or Enter, or press ? or * to list all spells.
Space distorts slightly along a thin shroud covering your body.
The centaur shoots an arrow.
The arrow hits you!
* * * LOW HITPOINT WARNING * * *
Casting: Shroud of Golubria
Confirm with . or Enter, or press ? or * to list all spells.
You begin infusing your attacks with magical energy.
The centaur shoots an arrow.
The arrow barely misses you.
The centaur shoots an arrow.
The arrow hits you!
You die...

........#########..#.....##
........'............###..#
........#################.#
####'#### #.............#
#.# #.####.####.### #.# #(#
#.#..#.# # #.# #.# +.'..#.#
####.########.####.##'#.#
#...........#oc(@....(..#
..##........#(####.##'#.#
..##.......<#.#..#.#..#.#
..##r.......#c#c.'.'..#.#
..##.####'#.#o#'##.####.#
..##.# #.#)#...........#
..##.# #.#)#.#'##.####.#
#.##.# #...#.#..#.#..#.#
#..#.########.#..'.'..#.#


You could see a centaur and an orc.

Vanquished Creatures
  The ghost of Azzok the Sneak, an amateur SpEn (D:3)
  A howler monkey (D:4)
  A hound (D:4)
  An orc wizard (D:4)
  An iguana (D:4)
  Ijyb (D:2)
  Terence (D:2)
  4 worker ants (D:4)
  8 adders
  3 gnolls (D:3)
  2 oozes
  3 worms
  A dart slug (D:1)
  3 leopard geckos
  5 orcs
  5 giant cockroaches
  9 goblins
  4 hobgoblins (D:3)
  A jackal (D:3)
  2 quokkas
  A ball python (D:3)
  10 bats
  5 frilled lizards
  8 kobolds
  A leopard gecko skeleton (D:4)
  4 rats
86 creatures vanquished.

Vanquished Creatures (others)
  A spectral weapon (D:4)
1 creature vanquished.

Grand Total: 87 creatures vanquished

Notes
Turn   | Place    | Note
-------+----------+-------------------------------------------
     0 | D:1      | Mesmaeker13 the Merfolk Skald began the quest for the Orb.
     0 | D:1      | Reached XP level 1. HP: 16/16 MP: 3/3
   118 | D:1      | Reached XP level 2. HP: 21/22 MP: 5/5
   147 | D:1      | Reached skill level 4 in Charms
   772 | D:2      | Learned a level 2 spell: Song of Slaying
   790 | D:2      | Noticed Ijyb
   802 | D:2      | Killed Ijyb
   802 | D:2      | Reached XP level 3. HP: 18/27 MP: 0/6
   987 | D:2      | Reached skill level 5 in Charms
  1335 | D:2      | Reached XP level 4. HP: 33/33 MP: 7/7
  1343 | D:2      | Noticed Terence
  1352 | D:2      | Learned a level 2 spell: Shroud of Golubria
  1374 | D:2      | Killed Terence
  1414 | D:2      | Noticed Sigmund
  1690 | D:3      | Noticed Azzok's ghost (amateur SpEn)
  1719 | D:4      | Reached XP level 5. HP: 26/38 MP: 0/8
  1978 | D:4      | Noticed dscm's ghost (amateur OpEE)
  2502 | D:3      | Killed Azzok's ghost
  2502 | D:3      | Reached XP level 6. HP: 23/44 MP: 6/9
  2682 | D:3      | Reached skill level 6 in Charms
  2694 | D:3      | Reached skill level 5 in Polearms
  3453 | D:4      | Learned a level 3 spell: Spectral Weapon
  3666 | D:4      | Reached skill level 1 in Hexes
  3968 | D:4      | Found a glowing silver altar of Zin.
  3968 | D:4      | Found a deep blue altar of Sif Muna.
  4061 | D:4      | Reached XP level 7. HP: 50/50 MP: 3/10
  4066 | D:4      | Found Vessoan's Assorted Antiques.
  4074 | D:4      | Bought a jewelled brass wand for 124 gold pieces
  4384 | D:4      | Shot with an arrow by a centaur

Skill      XL: |  1  2  3  4  5  6 |
---------------+-------------------+-----
Charms         | 4 5 6 |  6.6
Dodging        | 2 3 4 |  4.9
Polearms       | 4 5 |  5.4
Hexes          | 1 |  1.7
Fighting       | |  2.1
Armour         | |  0.6
Spellcasting   | |  2.0

Action                   |  1- 3 |  4- 6 |  7- 9 || total
-------------------------+-------+-------+-------++-------
Melee: Spear             |    93 |   252 |    33 ||   378
 Cast: Infusion          |     6 |    23 |     3 ||    32
       Shroud of Golubri |       |     3 |     1 ||     4
       Song of Slaying   |       |     2 |       ||     2
       Spectral Weapon   |       |       |     3 ||     3
  Use: Potion            |       |     1 |       ||     1
       Scroll            |       |     3 |       ||     3
 Stab: Sleeping          |     2 |       |       ||     2
       Distracted        |       |       |     1 ||     1
  Eat: Chunk             |     1 |    10 |     2 ||    13
Armor: Leather armour    |    14 |    51 |     4 ||    69
Dodge: Dodged            |    45 |   138 |    20 ||   203
